 Dungeon Crawl Stone Soup version 0.31-a0-844-gdc52ec4e09 (webtiles) character file.

Game seed: 11300683982139571587

88 lonewolfV2 the Shield-Bearer (level 4, -1/35 (37) HPs)
             Began as a Formicid Fighter on Sept 29, 2023.
             Slain by a gnoll
             ... wielding a +0 flail
              (9 damage)
             ... on level 3 of the Dungeon.
             The game lasted 00:02:20 (1549 turns).

lonewolfV2 the Shield-Bearer (Formicid Fighter)     Turns: 1549, Time: 00:02:20

HP:   -1/35 (37)    AC:  7    Str: 22    XL:     4   Next: 81%
MP:   4/4           EV:  9    Int:  8    God:
Gold: 80            SH: 10    Dex: 13    Spells: 3/3 levels left

rFire   . . .        a - +0 war axe
rCold   . . .        c - +0 buckler
rNeg    + . .        b - +0 scale mail
rPois   +            (helmet unavailable)
rElec   .            (no cloak)
rCorr   .            (no gloves)
SInv    +            (no boots)
Will    .....        k - amulet of reflection Stlth
                     g - ring of positive energy
HPRegen 0.25/turn    f - ring of poison resistance
MPRegen 0.09/turn

%: reflection
@: drained
A: permanent stasis, dig shafts and tunnels, antennae 3, four strong arms
a: Dig, Shaft Self


You were on level 3 of the Dungeon.
You visited 1 branch of the dungeon, and saw 3 of its levels.

You collected 80 gold pieces.

Inventory:

Hand Weapons
 a - a +0 war axe (weapon)
Armour
 b - a +0 scale mail (worn)
 c - a +0 buckler (worn)
Jewellery
 f - a ring of poison resistance (right hand)
 g - a ring of positive energy (left hand)
 k - an amulet of reflection (around neck)
Wands
 o - a wand of light (8)
Scrolls
 e - 3 scrolls of identify
 h - a scroll of teleportation
 i - a scroll of fog
Potions
 d - 3 potions of might
 j - a potion of mutation
 l - a potion of heal wounds {unknown}
 m - a potion of berserk rage {unknown}
 n - a potion of lignification {unknown}
 p - a potion of attraction {unknown}


   Skills:
 + Level 4.0 Fighting
 + Level 3.2 Axes
 + Level 3.7 Armour
 + Level 0.6 Dodging
 + Level 0.1 Stealth
 + Level 4.3 Shields


You had 3 spell levels left.
You didn't know any spells.
Your spell library contained the following spells:

 Spells                   Type           Power      Damage    Failure   Level
 Hailstorm                Conj/Ice       0%         3d3       99%         3
 Summon Ice Beast         Ice/Summ       0%         N/A       100%        4
 Simulacrum               Ice/Necr       0%         N/A       100%        6


Dungeon Overview and Level Annotations

Branches:
Dungeon (3/15)

Altars:


Innate Abilities, Weirdness & Mutations

You cannot be hasted, slowed, berserked, paralysed or teleported.
You can dig through walls and to a lower floor.
You have a pair of large antennae on your head. (SInv)
Your four strong arms can wield two-handed weapons with a shield.


Message History

You slash the orc wizard! You barely miss the orc. The gnoll barely misses you.
The orc hits you but does no damage. You partially resist.
You block the orc wizard's attack.
Unknown command.
You closely miss the gnoll.
The gnoll is heavily wounded.
You slash the orc wizard! You hit the orc. You hit the gnoll.
The gnoll hits you but does no damage. You block the orc's attack.
You slash the gnoll!
You kill the gnoll!
You closely miss the orc. You barely miss the orc. You hit the gnoll.
You hit the orc wizard but do no damage.
The orc wizard completely misses you.
The orc hits you with a +2 mace of draining.
You partially resist.
You feel drained. The gnoll barely misses you. You block the orc's attack.
You block the orc's attack. You block the gnoll's attack.
The gnoll closely misses you.
The orc wizard hits you but does no damage.
The orc hits you with a +0 flail.
Things that are here:
a +0 whip; a gnoll corpse You block the orc's attack.
The orc hits you but does no damage.
The orc wizard hits you with a +1 dagger of holy wrath.
The gnoll closely misses you. The gnoll hits you with a +0 flail!
* * * LOW HITPOINT WARNING * * *
There is a stone staircase leading up, spattered with blood here.
Unknown command.
You barely miss the gnoll.
The gnoll is heavily wounded.
You hit the gnoll. You hit the orc wizard.
You kill the orc wizard!
You barely miss the orc. You hit the orc.
The orc hits you with a +2 mace of draining.
* * * LOW HITPOINT WARNING * * *
You partially resist.
You feel drained. The orc barely misses you.
You block the gnoll's attack. x2; The gnoll hits you with a +0 flail.
* * * LOW HITPOINT WARNING * * *
The gnoll hits you with a +0 flail!
You die...

#############
#.....#.....#
#............
#............
+.........>..
#..o@).......
#.gggo.......
#...)........
#...>..........
##.............
##.....#......
##.##########
.. ..#


You could see 3 gnolls and 2 orcs.

Vanquished Creatures
  An orc wizard (D:3)
  Robin (D:2)
  A gnoll (D:3)
  3 dart slugs
  An orc (D:3)
  5 ball pythons
  7 endoplasms
  12 goblins
  5 hobgoblins
  A jackal (D:1)
  4 kobolds
  3 quokkas
  7 bats
  3 frilled lizards
  3 rats
57 creatures vanquished.

Notes
Turn   | Place    | Note
-------+----------+-------------------------------------------
     0 | D:1      | lonewolfV2 the Formicid Fighter began the quest for the
                  | Orb.
     0 | D:1      | Reached XP level 1. HP: 18/18 MP: 1/1
    74 | D:1      | Reached XP level 2. HP: 24/24 MP: 2/2
   244 | D:1      | Reached XP level 3. HP: 30/30 MP: 3/3
   826 | D:2      | Noticed Robin
   841 | D:2      | Killed Robin
   847 | D:2      | Reached XP level 4. HP: 28/37 MP: 4/4
  1549 | D:3      | Slain by a gnoll

Illustrated notes

Levels and vault maps discovered:
D:1:      dpeg_arrival_short_road, layout_loops_ring,
          dreamdust_princess_corridor, minmay_tromino_i2
D:2:      layout_loops_ring, uniq_robin
D:3:      layout_rooms, dreamdust_ecumenical_altar_hidden_monk_grotto,
          portal_sewer_entry_d, kennysheep_doodads, kennysheep_minor_cross,
          hangedman_decor_points, uniq_jessica

Skill      XL: |  1  2  3  4 |
---------------+-------------+-----
Axes           | 3 |  3.2
Fighting       | 4 |  4.0
Armour         | |  3.7
Dodging        | |  0.6
Stealth        | |  0.1
Shields        | |  4.3

Action                     |  1- 3 |  4- 6 || total
---------------------------+-------+-------++-------
  Melee: War axe           |    69 |    52 ||   121
Ability: Dig               |       |     1 ||     1
  Evoke: Wand              |       |     1 ||     1
    Use: Scroll            |     4 |       ||     4
 Armour: Scale mail        |    59 |    43 ||   102
  Dodge: Dodged            |    36 |    21 ||    57
  Block: Buckler           |    33 |    35 ||    68
         Reflection        |       |     1 ||     1

Table legend: (Time is in decaauts)
 A = Elapsed time spent in this place.
 B = Non-inter-level travel time spent in this place.
 C = Inter-level travel time spent in this place.
 D = Time resting spent in this place.
 E = Time spent auto-exploring this place.
 F = Levels seen in this place.
 G = Mean time per level.
                   A        B        C        D        E       F      G
               +--------+--------+--------+--------+--------+-----+--------+
         Total |   1594 |   1557 |     37 |     16 |   1134 |   3 |  531.3 |
       Dungeon |   1594 |   1557 |     37 |     16 |   1134 |   3 |  531.3 |
               +--------+--------+--------+--------+--------+-----+--------+

Top non-repeatable levels by time:
     D:1: 832 daAuts
     D:2: 752 daAuts
     D:3: 9 daAuts
